 Dungeon Crawl Stone Soup version 0.26.1-2-gb8aa6d0cf2 (webtiles) character file.

Game seed: 1166777938671482702

5889 nightchill the Basher (level 10, -2/66 HPs)
             Began as a Gargoyle Ice Elementalist on Mar 9, 2021.
             Was an Initiate of Gozag.
             Slain by a boulder beetle (24 damage)
             ... on level 9 of the Dungeon on Mar 10, 2021.
             The game lasted 00:38:17 (15805 turns).

nightchill the Basher (Gargoyle Ice Elementalist)  Turns: 15805, Time: 00:38:18

Health: -2/66      AC: 17    Str: 12    XL:     10   Next: 82%
Magic:  9/14       EV: 10    Int: 22    God:    Gozag
Gold:   795        SH:  0    Dex: 10    Spells: 8/15 levels left

rFire    + . .     SeeInvis .   a - +2 flail (vorpal)
rCold    + . .     Faith    .   (no shield)
rNeg     + . .     Spirit   .   J - +0 ring mail {rC+}
rPois    ∞         Reflect  .   E - +0 helmet {Int+3}
rElec    +         Harm     .   (no cloak)
rCorr    .         Rampage  .   (no gloves)
Will     +....                  (no boots)
Stlth    +.........             (no amulet)
HPRegen  0.21/turn              R - ring of protection from fire
MPRegen  0.14/turn              A - ring of willpower

@: icy armour, gold aura, frozen ramparts
A: negative energy resistance 1, electricity resistance, unbreathing,
petrification resistance, miasma immunity, AC +7
a: Renounce Religion, Potion Petition, Call Merchant, Bribe Branch


You were on level 9 of the Dungeon.
You worshipped Gozag.
Gozag was pleased with you.
You visited 2 branches of the dungeon, and saw 10 of its levels.
You also visited: Sewer and Ossuary.

You collected 1216 gold pieces.
You spent 290 gold pieces at shops.
You paid 131 gold pieces to Gozag.

Inventory:

Hand Weapons
 a - a +2 vorpal flail (weapon)
 b - a +0 fustibalus of freezing
 I - a +1 dagger of venom
Missiles
 i - 8 atropa-tipped darts
 r - 341 stones
 s - 134 sling bullets
 P - 8 curare-tipped darts
Armour
 d - a +3 leather armour
 E - a +0 helmet of intelligence (worn)
 J - a +0 ring mail of cold resistance (worn)
Jewellery
 A - a ring of willpower (right hand)
 H - an uncursed ring of flight
 N - an uncursed ring of resist corrosion
 R - a ring of protection from fire (left hand)
Wands
 D - a wand of acid (6)
 M - a wand of digging (9)
Scrolls
 e - 2 scrolls of amnesia
 f - 13 scrolls of remove curse
 j - 4 scrolls of fog
 k - 2 scrolls of fear
 n - 2 scrolls of magic mapping
 y - 8 scrolls of teleportation
 C - a scroll of enchant weapon
 Q - 3 scrolls of enchant armour
Potions
 c - 3 potions of magic
 g - a potion of mutation {unknown}
 h - 7 potions of curing
 l - 2 potions of flight
 o - 2 potions of cancellation
 t - 2 potions of invisibility
 u - 2 potions of haste
 v - 3 potions of might
 w - 3 potions of brilliance
 x - 2 potions of heal wounds
 B - 2 potions of attraction
 F - 3 potions of lignification
 O - a potion of berserk rage


   Skills:
 + Level 9.2 Fighting
 * Level 10.7 Maces & Flails
 - Level 1.5 Dodging
 - Level 2.1 Stealth
 - Level 3.0 Spellcasting
 - Level 8.6 Ice Magic


You had 8 spell levels left.
You knew the following spells:

 Your Spells              Type           Power        Failure   Level
a - Freeze                Ice            100%         1%          1
b - Frozen Ramparts       Ice            82%          2%          3
c - Ozocubu's Armour      Ice            41%          2%          3

Your spell library contained the following spells:

 Spells                   Type           Power        Failure   Level
 Ensorcelled Hibernation  Hex/Ice        44%          7%          2
 Corona                   Hex            3%           28%         1
 Magic Dart               Conj           12%          28%         1
 Searing Ray              Conj           6%           38%         2
 Hailstorm                Conj/Ice       22%          43%         4
 Summon Ice Beast         Ice/Summ       22%          43%         4
 Confusing Touch          Hex            3%           63%         3
 Dazzling Flash           Conj/Hex       6%           63%         3
 Gell's Gravitas          Tloc           1%           63%         3
 Tukima's Dance           Hex            3%           63%         3
 Metabolic Englaciation   Hex/Ice        11%          78%         5
 Fulminant Prism          Conj/Hex       1%           95%         4
 Iskenderun's Mystic Bla  Conj/Tloc      3%           95%         4
 Petrify                  Tmut/Erth      3%           95%         4
 Yara's Violent Unravell  Hex/Tmut       1%           100%        5


Dungeon Overview and Level Annotations

Branches:
Dungeon (9/15)             Temple (1/1) D:7           Sewer (visited)
Ossuary (visited)
   Lair: D:8-11         Orc: D:9-12

Altars:
Ashenzari
Cheibriados
Dithmenos
Elyvilon
Fedhas
Gozag
Hepliaklqana
Kikubaaqudgha
Makhleb
Nemelex Xobeh
Okawaru
Qazlal
Ru
Sif Muna
Trog
Uskayaw
Vehumet
Wu Jian
Xom
Yredelemnul
Zin
The Shining One

Shops:
D:7 *   D:8 ?

Annotations:
D:7 exclusion: downstairs


Innate Abilities, Weirdness & Mutations

You are resistant to torment.
Your stone body is resilient. (AC +7)
You are immune to poison.
You resist negative energy. (rN+)
You are resistant to electric shocks. (rElec)
You can survive without breathing.
You are immune to petrification.
You are immune to miasma.


Message History

The wraith resists.
The wall freezes the wraith.
The wall freezes the orc wizard.
The orc wizard hits you but does no damage.
The wall freezes the orc warrior!
The wall freezes the boulder beetle.
The boulder beetle bites you!
Aiming: Corrosive Bolt
Press: ? - help, Shift-Dir - straight line, f/p - boulder beetle
Aim: a boulder beetle (almost dead, 0% to evade)
The bolt of acid hits the boulder beetle but does no damage.
The boulder beetle is almost dead.
The bolt of acid hits the wraith!
The wraith is splashed with acid.
The wraith seems to be corroded for longer.
You destroy the wraith!
The wall freezes the orc wizard.
You kill the orc wizard!
The wall freezes the orc warrior!
You kill the orc warrior!
The wall freezes the boulder beetle.
The boulder beetle bites you!!
You die...
Your body crumbles into a pile of gold.

. $ .. ################
...######...............
..s.....#...............
.Z.....$#..####..#####..
.WoB..$$#..# #..# #####B#..#
#..# . #..##@#..# #..#####..
#..##.$..# #.........
#..####..# #.........
#######..####..####..####...
.....................# ..
................o....# .
#####.........#####..#
#.........# #..# #.........#
#..#


You could see a boulder beetle and an orc.

Vanquished Creatures
  A two-headed ogre (D:8)
  An unseen horror (D:8)
  A troll (D:6)
  Sigmund (D:4)
  A wraith (D:9)
  A yak (D:8)
  A vampire mosquito (D:9)
  2 soldier ants (D:8)
  2 sky beasts
  4 black bears
  2 orc warriors
  2 ice beasts
  2 phantoms
  An eye of draining (D:8)
  2 ogres
  A big kobold (D:8)
  7 bullfrogs
  A wyvern skeleton (D:9)
  5 scorpions
  A wight (D:8)
  3 howler monkeys
  A bullfrog zombie (D:8)
  2 centaur zombies
  4 hounds
  2 orc priests
  2 centaur skeletons
  5 jellies
  7 orc wizards
  A bullfrog skeleton (D:8)
  An iguana (D:6)
  Ijyb (D:5)
  9 worker ants
  7 big kobold zombies (Ossuary)
  4 hound skeletons
  A mummy (Ossuary)
  Robin (D:1)
  7 gnolls
  17 adders
  5 river rats (Sewer)
  2 shadow imps
  5 white imps
  3 oozes
  An adder zombie (D:4)
  4 worms
  A dart slug (D:3)
  10 leopard geckos
  31 orcs
  3 spectral bats (Ossuary)
  9 ball pythons (Sewer)
  6 giant cockroaches
  15 goblins
  7 hobgoblins
  A quokka (D:4)
  3 bats (D:1)
  6 bat simulacra (Ossuary)
  8 frilled lizards
  A giant cockroach zombie (D:5)
  5 gnoll zombies (Ossuary)
  2 goblin simulacra (Ossuary)
  3 goblin zombies (Ossuary)
  9 hobgoblin zombies (Ossuary)
  A jackal skeleton (D:6)
  A jackal zombie (D:5)
  8 kobolds
  3 kobold simulacra (Ossuary)
  A kobold zombie (Ossuary)
  5 orc zombies (Ossuary)
  26 rats
  2 rat simulacra (Ossuary)
  2 spectral goblins (Ossuary)
  4 spectral kobolds (Ossuary)
  2 spectral rats (Ossuary)
309 creatures vanquished.

Notes
Turn   | Place    | Note
-------+----------+-------------------------------------------
     0 | D:1      | nightchill the Gargoyle Ice Elementalist began the quest
                  | for the Orb.
     0 | D:1      | Reached XP level 1. HP: 10/10 MP: 3/3
   257 | D:1      | Reached XP level 2. HP: 16/16 MP: 1/5
  1367 | D:1      | Reached skill level 1 in Fighting
  1485 | D:2      | Noticed Robin
  1606 | D:1      | Reached XP level 3. HP: 20/20 MP: 3/6
  1645 | D:1      | Learned a level 3 spell: Frozen Ramparts
  1654 | D:1      | Killed Robin
  2784 | D:3      | Reached XP level 4. HP: 24/26 MP: 2/7
  2943 | D:3      | Found a glowing drain.
  2952 | Sewer    | Entered a sewer
  2992 | Sewer    | Reached skill level 5 in Ice Magic
  3370 | Sewer    | Reached XP level 5. HP: 24/30 MP: 5/9
  3812 | Sewer    | Reached XP level 6. HP: 28/37 MP: 7/10
  3949 | D:3      | Found a sacrificial altar of Ru.
  5054 | D:4      | Reached XP level 7. HP: 32/42 MP: 6/11
  5220 | D:4      | Noticed Sigmund
  5245 | D:4      | Killed Sigmund
  5246 | D:4      | Reached skill level 1 in Maces & Flails
  5408 | D:4      | Reached skill level 2 in Maces & Flails
  6063 | D:4      | Reached skill level 3 in Maces & Flails
  6208 | D:4      | Reached XP level 8. HP: 48/48 MP: 8/12
  6736 | D:5      | Entered Level 5 of the Dungeon
  6827 | D:5      | Found a sand-covered staircase.
  6837 | Ossuary  | Entered an ossuary
  7122 | Ossuary  | Reached skill level 5 in Fighting
  7164 | Ossuary  | Reached skill level 4 in Maces & Flails
  7458 | Ossuary  | Learned a level 3 spell: Ozocubu's Armour
  8256 | D:5      | Noticed Ijyb
  8301 | D:5      | Killed Ijyb
  8543 | D:5      | Reached skill level 5 in Maces & Flails
  9364 | D:7      | Found a staircase to the Ecumenical Temple.
  9370 | Temple   | Entered the Ecumenical Temple
  9413 | Temple   | Became a worshipper of Gozag Ym Sagoz the Greedy
  9720 | D:7      | Reached skill level 6 in Maces & Flails
  9720 | D:7      | Reached XP level 9. HP: 42/55 MP: 9/13
 10049 | D:6      | Noticed a troll
 10062 | D:6      | Killed a troll
 11011 | D:6      | Reached skill level 7 in Maces & Flails
 11955 | D:7      | Found Gulollid's General Store.
 12525 | D:7      | Bought a +0 fustibalus of freezing for 290 gold pieces
 12551 | D:8      | Reached skill level 8 in Maces & Flails
 13187 | D:8      | Found Emuib's Magic Scroll Shoppe.
 13207 | D:8      | Reached XP level 10. HP: 64/64 MP: 14/14
 13625 | D:8      | Reached skill level 9 in Maces & Flails
 14083 | D:8      | Noticed a two-headed ogre
 14378 | D:8      | Killed a two-headed ogre
 15017 | D:8      | Reached skill level 10 in Maces & Flails
 15164 | D:8      | HP: 3/65 [something (3)]
 15166 | D:8      | Killed an unseen horror
 15615 | D:9      | Found a shimmering altar of Xom.
 15615 | D:9      | Found a shimmering altar of Xom.
 15616 | D:9      | Found a shimmering altar of Xom.
 15616 | D:9      | Found a shimmering altar of Xom.
 15621 | D:9      | Found a shimmering altar of Xom.
 15621 | D:9      | Found a shimmering altar of Xom.
 15644 | D:9      | Found a shimmering altar of Xom.
 15645 | D:9      | Found a shimmering altar of Xom.
 15792 | D:9      | Noticed a boulder beetle
 15805 | D:9      | Slain by a boulder beetle

Illustrated notes

Levels and vault maps discovered:
D:1:      giann_horns, layout_basic
D:2:      layout_loops_ring, uniq_robin
D:3:      layout_basic, portal_sewer_entry_a, chequers_serial_rivers_room_b,
          minmay_door_square, nicolae_ru_sacrificial_ziggurat
D:4:      minmay_bubble_buster, layout_basic, uniq_sigmund
D:5:      layout_gridville, lightli_ossuary_entry_decrepit_ruins, uniq_ijyb
D:6:      layout_basic
D:7:      layout_basic, minmay_temple_entry_enclosed_plants, serial_shops, shop
D:8:      minmay_chambers_of_sevens, layout_basic, serial_shops, shop,
          kennysheep_doodads
D:9:      minmay_shrinking_squares, layout_small_grid, xom_shifter_show,
          dk_noncrumbling_4, uniq_pikel, uniq_grum
Temple:   nicolae_temple_the_god_donut

Skill      XL: |  1  2  3  4  5  6  7  8  9 10 |
---------------+-------------------------------+-----
Fighting       | 1 2 3 4 6 7 9 |  9.2
Ice Magic      | 5 6 7 8 |  8.6
Spellcasting   | 3 |  3.0
Maces & Flails | 3 6 8 10 | 10.7
Dodging        | |  1.5
Stealth        | |  2.1

Action                   |  1- 3 |  4- 6 |  7- 9 | 10-12 || total
-------------------------+-------+-------+-------+-------++-------
Melee: Unarmed           |     2 |       |       |       ||     2
       Club              |     7 |       |       |       ||     7
       Whip              |    45 |   133 |   758 |       ||   936
       Flail             |       |       |    52 |    87 ||   139
 Fire: Fustibalus        |       |       |     8 |    24 ||    32
 Cast: Freeze            |    38 |    23 |    18 |     4 ||    83
       Frozen Ramparts   |     3 |    15 |    39 |    14 ||    71
       Ozocubu's Armour  |       |       |    30 |     7 ||    37
Evoke: Wand              |       |       |     1 |     2 ||     3
  Use: Scroll            |     9 |     1 |    16 |       ||    26
       Potion            |       |       |       |     2 ||     2
 Stab: Sleeping          |       |       |     8 |       ||     8
Armor: Robe              |     2 |       |       |       ||     2
       Leather armour    |    39 |    71 |   316 |       ||   426
       Ring mail         |       |       |    25 |    79 ||   104
Dodge: Dodged            |    55 |   101 |   376 |    41 ||   573
